 Dungeon Crawl Stone Soup version 0.17-a0-1582-ge6b0260 (webtiles) character file.

282 Chiseanne the Magician (level 6, 0/43 HPs)
             Began as a Demonspawn Wanderer on July 27, 2015.
             Was a Follower of Dithmenos.
             Killed by divine providence
             ... invoked by an orc priest
              (12 damage)
             ... on level 3 of the Dungeon.
             The game lasted 00:10:22 (4729 turns).

Chiseanne the Magician (Demonspawn Wanderer)        Turns: 4729, Time: 00:10:22

Health: 0/43       AC:  4    Str: 15    XL:     6   Next: 6%
Magic:  11/11      EV: 12    Int: 18    God:    Dithmenos [*.....]
Gold:   151        SH:  0    Dex: 12    Spells: 2 memorised, 7 levels left

rFire  + . .     SeeInvis .     a - +1 short sword (drain)
rCold  . . .     Clarity  .     d - +2 robe {rF+}
rNeg   + . .     SustAt   .     (no shield)
rPois  .         Gourm    .     (no helmet)
rElec  .         Spirit   .     (no cloak)
rCorr  .         Warding  .     (no gloves)
rMut   .         Stasis   .     (no boots)
MR     .....                    (no amulet)
Stlth  ++++......               (no ring)
                                l - ring of positive energy

@: mighty, wreathed by umbra, not resistant to hostile enchantments, stealthy
A: nightstalker 1, powered by death 1
a: Renounce Religion


You were on level 3 of the Dungeon.
You worshipped Dithmenos.
Dithmenos was aware of your devotion.
You were not hungry.

You visited 1 branch of the dungeon, and saw 3 of its levels.

You collected 151 gold pieces.

Inventory:

Hand weapons
 a - a +1 short sword of draining (weapon)
 s - a +1 flail of protection
Missiles
 e - 39 arrows
 j - 50 sling bullets
 k - 18 exploding sling bullets
 m - 44 bolts
 r - 6 tomahawks (quivered)
 t - 10 poisoned needles
Armour
 d - a +2 robe of fire resistance (worn)
Jewellery
 l - a ring of positive energy (left hand)
Scrolls
 b - a scroll of blinking
 g - 2 scrolls of identify
 n - 3 scrolls of teleportation
Books
 c - the Volume of the Entourage

   Spells                             Type                      Level
   a - Summon Butterflies             Summoning                    1
   b - Summon Guardian Golem          Hexes/Summoning              3
 i - a Fen Folio

   Spells                             Type                      Level
   a - Corpse Rot                     Necromancy                   2
   b - Stone Arrow                    Conjuration/Earth            3
   c - Leda's Liquefaction            Hexes/Earth                  4
   d - Summon Forest                  Summoning/Translocation      5
   e - Hydra Form                     Transmutation                6
   f - Summon Hydra                   Summoning                    7
Comestibles
 f - 4 bread rations
 h - 3 fruits
 p - a beef jerky
 q - 10 chunks of flesh


   Skills:
 - Level 1.1 Fighting
 * Level 2.6 Short Blades
   Level 1.0 Polearms
 - Level 1.5 Dodging
 - Level 3.0 Stealth
 * Level 3.3 Spellcasting
 + Level 1.8 Hexes
 + Level 2.2 Summonings
   Level 2.6 Air Magic


You had 7 spell levels left.
You knew the following spells:

 Your Spells              Type           Power        Failure   Level  Hunger
a - Summon Butterflies    Summ           ##......     8%          1    None
b - Summon Guardian Gole  Hex/Summ       ##......     24%         3    ###....


Dungeon Overview and Level Annotations

Branches:
Dungeon (3/15)

Altars:
Dithmenos
Makhleb
Xom


Innate Abilities, Weirdness & Mutations

You are slightly more attuned to the shadows.
You regenerate a little health from kills.


Message History

The orc priest is severely wounded.
The orc priest calls down the wrath of Beogh upon you.
Something smites you!
You hear a shout!
You barely miss the orc priest.
The orc priest is severely wounded.
The orc priest hits you with a falchion.
* * * LOW HITPOINT WARNING * * *
You hit the orc priest but do no damage.
The orc priest is severely wounded.
Drink which item? (? for menu, Esc to quit)
You feel very mighty all of a sudden.
You puncture the orc!
You kill the orc!
Dithmenos accepts your kill.
You barely miss the orc priest.
The orc priest is severely wounded.
The orc priest calls down the wrath of Beogh upon you.
Something smites you!
You die...

#.# #.##.# # #.# #.##.#
# #.# #######.##<# #
......#.##.# #
#.....##.####
#####.#.#.##.#...
#...........>..##
.######.###.#.#.##...##
.....o@.# #...........#
#######.# ###.####...##
#.# #........). #.#
######..### #.#
#..).... #.#####
#.).....
#....)####..)....
#............#...
#####.####...>...


You could see an orc priest.

Vanquished Creatures
  A big kobold (D:3)
  An orc wizard (D:3)
  An orc priest (D:3)
  A hound (D:3)
  3 adders
  5 worms
  2 giant geckos (D:1)
  12 orcs (D:3)
  3 bats
  3 giant cockroaches
  11 goblins
  10 hobgoblins
  6 kobolds
  A quokka (D:2)
  A ball python (D:2)
  13 giant newts (D:1)
  8 rats
82 creatures vanquished.

Notes
Turn   | Place    | Note
--------------------------------------------------------------
     0 | D:1      | Chiseanne the Demonspawn Wanderer began the quest for the Orb.
     0 | D:1      | Chiseanne set off with: a +2 dagger, a scroll of blinking, the Volume of the Entourage, a +0 spear, a +0 robe, a bread ration
     0 | D:1      | Reached XP level 1. HP: 15/15 MP: 3/3
     7 | D:1      | Identified the Volume of the Entourage
     9 | D:1      | Learned a level 1 spell: Summon Butterflies
   450 | D:1      | Gained mutation: You are slightly more attuned to the shadows. [demonic ancestry]
   450 | D:1      | Reached XP level 2. HP: 8/21 MP: 5/5
   865 | D:1      | Reached skill level 1 in Summonings
  1501 | D:1      | Reached skill level 1 in Dodging
  1702 | D:2      | Reached XP level 3. HP: 19/26 MP: 2/6
  2043 | D:2      | Reached skill level 3 in Stealth
  2683 | D:2      | Learned a level 3 spell: Summon Guardian Golem
  2736 | D:2      | Found a shadowy altar of Dithmenos.
  2736 | D:2      | Found a shimmering altar of Xom.
  2755 | D:2      | Became a worshipper of Dithmenos the Shadowed
  3175 | D:2      | Reached XP level 4. HP: 32/32 MP: 7/7
  3364 | D:2      | Reached skill level 1 in Short Blades
  3644 | D:3      | Reached skill level 1 in Hexes
  3840 | D:3      | Found a faded altar to an unknown god.
  3885 | D:3      | HP: 1/32 [orc wizard/magic dart (6)]
  3887 | D:3      | Reached XP level 5. HP: 2/37 MP: 9/9
  4414 | D:3      | Found a burning altar of Makhleb.
  4516 | D:3      | Gained mutation: You regenerate a little health from kills. [demonic ancestry]
  4516 | D:3      | Reached XP level 6. HP: 32/43 MP: 9/11
  4729 | D:3      | Killed from afar by an orc priest

Vault maps used:
D:1:      co_arrival_two_rings, minmay_newt_pond
D:2:      amethyst_overflow_temple_binary, first_bread
D:3:      ecumenical_altar_2, makhleb_blood_cavern_becter, uniq_sigmund

Action                   |  1- 3 |  4- 6 || total
-------------------------+-------+-------++-------
Melee: Dagger            |   169 |    38 ||   207
       Short sword       |       |    99 ||    99
       Flail             |       |     3 ||     3
Throw: Tomahawk          |       |     4 ||     4
 Cast: Summon Butterflie |     1 |       ||     1
  Use: Scroll            |     5 |     3 ||     8
       Potion            |     2 |     4 ||     6
 Stab: Sleeping          |     9 |     5 ||    14
  Eat: Chunk             |     7 |     5 ||    12
